[Event "*** SCC Grand Prix: Titled Tuesday Blitz"]
[Site "Chess.com"]
[Date "2020.09.08"]
[Round "1"]
[White "barriochess"]
[Black "Gloomy_Wanderer"]
[Result "0-1"]
[WhiteElo "2378"]
[BlackElo "2737"]
[TimeControl "180+1"]
[EndTime "10:08:14 PDT"]
[Termination "Gloomy_Wanderer won on time"]

1. d4 Nf6 2. Bg5 e6 3. e4 h6 4. Bxf6 Qxf6 5. c3 d6 6. Nd2 e5 7. Ngf3 Nd7 8. Bd3 g6 9. O-O h5 10. Qe2 Bh6 11. Nc4 O-O 12. Rad1 Re8 13. dxe5 dxe5 14.
Ne3 c6 15. Rfe1 Nf8 16. Bc4 Ne6 17. g3 Nc5 18. Nd2 b5 19. Bb3 a5 20. Bc2 a4 21. a3 Ne6 22. Qf3 Qe7 23. Qe2 Ba6 24. Qf3 Rad8 25. h4 Nc5 26. Ndf1 Bc8 27. Rxd8 Rxd8 28. Rd1 Be6 29. Rxd8+ Qxd8 30. Qe2 Kf8 31.
Kg2 Ke8 32. Nh2 Nb3 33. Nf3 f6 34. Bxb3 Bxb3 35. Nd2 Be6 36. Nf3 Qd7 37. Nd2 Kf7 38.
Ndf1 Kg7 39. Nd2 Kh7 40. Ndf1 Bf8 41. Nd2 Bc5 42. Ndf1 Bf8 43. Nd2 c5 44. Ndf1 b4 45. cxb4 cxb4 46. axb4 Bxb4 47. Qf3 Kg7 48. Nd5 Bxd5 49.
exd5 Bc5 50. Qe4 Bd4 51. Ne3 f5 52. Qc2 Bxe3 53. fxe3 Qxd5+ 54. Kf2 Qb5 55. Qc7+ Kh6 56. Qc2 Qb4 57. Kg2 f4 58. exf4 exf4 59. gxf4 Qxf4 0-1

[Event "*** SCC Grand Prix: Titled Tuesday Blitz"]
[Site "Chess.com"]
[Date "2020.09.08"]
[Round "1"]
[White "Yoshikrov"]
[Black "boasovietica"]
[Result "0-1"]
[WhiteElo "2090"]
[BlackElo "2505"]
[TimeControl "180+1"]
[EndTime "10:08:15 PDT"]
[Termination "boasovietica won by resignation"]

1. e4 e5 2. Nf3 Nc6 3. d4 exd4 4. Nxd4 Bb4+ 5. Nc3 Qf6 6. Nxc6 bxc6 7. Bd2 Ne7 8. Bd3 O-O 9. O-O Ng6 10. f4 d6 11. a3 Bc5+ 12. Kh1 Rb8 13. Rb1 Re8 14. Qf3 Qh4 15. Be3 Bg4 16. Qf2 Qxf2 17. Bxf2 Nxf4 18. Bxc5 Nxd3 19. cxd3 dxc5 20. Na4 c4 21. Rf4 Be6 22. dxc4 Bxc4 23. Rc1 Bd3 24. Nc5 Bb5 25. b4 a5 26. h3 axb4 27. axb4 Be2 28. Rf2 Bh5 29. Rb2 Bg6 30. Re1 Re7 31. g4 Rbe8 32. Rbe2 f6 33. Kg2 Bf7 34. Kf3 Bc4 35. Rc2 Bb5 36. Nb3 g6 37.
Nd4 Rd8 38. Nxb5 cxb5 39. Rc5 Rb8 40. Rec1 Rb7 41. Rd1 Kf7 42. Rdd5 Re6 43. Rxb5 Rxb5 44. Rxb5 Rc6 45. Rc5 Rxc5 46. bxc5 Ke6 47. Ke3 Ke5 48. h4 g5 49. hxg5 fxg5 50. Kd3 Kf4 51. Kd4 Kxg4 52. e5 Kf5 53. Kd5 g4 54. e6 Kf6 55.
Kc6 Kxe6 56. Kxc7 g3 57. Kb7 g2 58. c6 g1=Q 59. c7 Qc1 60. c8=Q+ Qxc8+ 61. Kxc8 h5 0-1

[Event "*** SCC Grand Prix: Titled Tuesday Blitz"]
[Site "Chess.com"]
[Date "2020.09.08"]
[Round "1"]
[White "Emp3rador"]
[Black "BillieKimbah"]
[Result "1-0"]
[WhiteElo "2469"]
[BlackElo "2905"]
[TimeControl "180+1"]
[EndTime "10:08:16 PDT"]
[Termination "Emp3rador won by resignation"]

1. e4 d5 2. exd5 Nf6 3. d4 Bg4 4. Nf3 Qxd5 5. Nc3 Qe6+ 6. Be3 c6 7.
h3 Bh5 8. g4 Bg6 9. Ne5 Nbd7 10. Bc4 Qd6 11. Nxg6 hxg6 12. Qf3 e6 13. O-O-O Be7 14. Bf4 Qb4 15. Bb3 a5 16. a3 Qb6 17.
Ne4 a4 18. Ba2 Nxe4 19. Qxe4 Nf6 20. Qe5 Rd8 21. g5 Bd6 22. Qe3 Bxf4 23. Qxf4 Nh5 24.
Qe5 O-O 25. Rhe1 Rd7 26. Re4 Rfd8 27. c3 Kh7 28. Rd3 c5 29. Rh4 cxd4 30. Rdxd4 Rxd4 31. Rxd4 Rxd4 32. cxd4 Qc6+ 33. Kd2 Qf3 34. Qe3 Qf5 35. Bc4 Nf4 36. Bd3 Qxg5 37. Bc2 Qh4 38. Bxa4 Nxh3 39. Bd1 Nxf2 40. Bf3 f5 41. Bxb7 f4 42. Qe2 Ng4 43. Bf3 Ne3 44. a4 Qf6 45. Kd3 Qf5+ 46. Be4 Qh3 47. Qf3 Qh2 48. Qh1 Qxh1 49. Bxh1 Nf5 50. a5 Nd6 51. a6 Nc8 52. b4 Kg8 53. b5 Kf7 54. Bb7 Na7 55. b6 Nb5 56. a7 1-0

[Event "*** SCC Grand Prix: Titled Tuesday Blitz"]
[Site "Chess.com"]
[Date "2020.09.08"]
[Round "1"]
[White "Parhamov"]
[Black "jhonnyuribe"]
[Result "0-1"]
[WhiteElo "2990"]
[BlackElo "2482"]
[TimeControl "180+1"]
[EndTime "10:08:17 PDT"]
[Termination "jhonnyuribe won on time"]

1. e4 c6 2. d4 d5 3. Nc3 dxe4 4. Nxe4 Nf6 5. Nxf6+ exf6 6. c3 Bd6 7. Bd3 O-O 8.
Qc2 Re8+ 9. Ne2 g6 10. h4 Bg4 11. f3 Be6 12. h5 f5 13. hxg6 hxg6 14. Bh6 Nd7 15. Qd2 Nb6 16. Bg5 f6 17. Bf4 Nc4 18.
Qc1 g5 19. Bxd6 Qxd6 20. b3 Nb6 21. Kf2 Nd5 22. Qd2 Kg7 23. Rae1 Rh8 24. Ng3 f4 25. Ne4 Qe7 26. Nc5 Ne3 27. Rxh8 Rxh8 28. Rxe3 fxe3+ 29. Qxe3 Re8 30. Qe4 f5 31. Qe5+ Qf6 32. Qxf6+ Kxf6 33. Nxb7 f4 34. Nc5 Bf5 35. Be4 Bxe4 36. Nxe4+ Kg6 37.
Ke2 Rh8 38. c4 Rh1 39. d5 cxd5 40. cxd5 Ra1 41. a4 Ra2+ 42. Kf1 Kf5 43. d6 Ke6 44. b4 Rb2 45. b5 Kd7 46. Kg1 Rb4 47.
Kh2 g4 48. Nf6+ Kxd6 49. fxg4 Ke6 50. g5 Rxa4 51. Kh3 Kf5 52. Nd5 Ra3+ 53. Kh2 Kxg5 54. b6 a5 55. Ne7 Rb3 56. Nc6 a4 57. Nd4 Rxb6 0-1

[Event "*** SCC Grand Prix: Titled Tuesday Blitz"]
[Site "Chess.com"]
[Date "2020.09.08"]
[Round "1"]
[White "Butterfly"]
[Black "GadimbayliA"]
[Result "1/2-1/2"]
[WhiteElo "2459"]
[BlackElo "2886"]
[TimeControl "180+1"]
[EndTime "10:08:18 PDT"]
[Termination "Game drawn by repetition"]

1. d4 d5 2. c4 e5 3. dxe5 d4 4. Nf3 Nc6 5. a3 Nge7 6. e3 Bg4 7. Be2 dxe3 8. Bxe3 Bxf3 9. Bxf3 Qxd1+ 10. Kxd1 O-O-O+ 11. Kc2 Nxe5 12. Be2 Nf5 13. Nc3 Nxe3+ 14. fxe3 Bc5 15.
e4 Nc6 16. Bg4+ Kb8 17. Rad1 Bd4 18. Rhf1 f6 19. b4 Be5 20. Ne2 Bxh2 21. g3 Ne5 22. Be6 Rxd1 23. Rxd1 Re8 24. c5 c6 25. Bb3 Ng4 26.
Rd7 Rxe4 27. Kd2 a6 28. Rxg7 h5 29. Bc2 Re5 30. Rh7 Ne3 31. Bb3 Nf1+ 32. Kd3 Re3+ 33. Kd4 Rxb3 34. Rxh5 Nxg3 35. Rxh2 Nxe2+ 36. Rxe2 Rxa3 37. Rf2 Ra4 38. Kc3 a5 39. bxa5 Rxa5 40. Kb4 Rb5+ 41.
Kc4 Rb1 42. Rxf6 Ka7 43. Rf8 Rc1+ 44. Kb4 Rh1 45. Rg8 Rh4+ 46. Kc3 Ka6 47. Rg7 Rh3+ 48. Kb4 Rh4+ 49. Kc3 Rh1 50. Kb4 Rb1+ 51. Kc4 Ka5 52. Rf7 Rc1+ 53. Kd4 Ka6 54. Rg7 Rd1+ 55.
Kc4 Rh1 56. Kb4 Rh4+ 57. Kc3 1/2-1/2

[Event "*** SCC Grand Prix: Titled Tuesday Blitz"]
[Site "Chess.com"]
[Date "2020.09.08"]
[Round "1"]
[White "Xeslu"]
[Black "sokidze"]
[Result "1-0"]
[WhiteElo "2311"]
[BlackElo "2602"]
[TimeControl "180+1"]
[EndTime "10:08:18 PDT"]
[Termination "Xeslu won by resignation"]

1. e4 c5 2. Nf3 Nc6 3. Bb5 g6 4.
Bxc6 dxc6 5. d3 Bg7 6. h3 Nf6 7.
Nc3 Nd7 8. Be3 e5 9. Qd2 h6 10.
a3 Qe7 11. O-O Nf8 12. Na4 Ne6 13. b4 Nd4 14. Bxd4 cxd4 15. c3 dxc3 16. Qxc3 O-O 17. Rfd1 Rd8 18. Nb2 Be6 19. Nc4 f6 20. Na5 Bf7 21.
d4 exd4 22. Nxd4 Rd7 23. Nf3 Rad8 24. Rxd7 Rxd7 25. Re1 f5 26. Qc2 fxe4 27. Rxe4 Qf6 28. Re3 Re7 29. Qe2 Rxe3 30. Qxe3 Bd5 31. Nxb7 Qc3 32.
Nc5 Qxe3 33. fxe3 Bb2 34. a4 Ba3 35. Nd3 Be4 36. Nfe5 Kg7 37. Kf2 Kf6 38. Ng4+ Kg7 39. Nge5 h5 40. Nc4 Bxd3 41. Nxa3 Kf6 42. b5 c5 43. a5 c4 44. b6 axb6 45. axb6 Be4 46. Nxc4 Ke6 47. Nd2 Bb7 48. Kg3 Kd5 49. Kf4 Kc5 50. g4 h4 51. Kg5 Kxb6 52. Kxh4 Kc5 53. Kg5 Bg2 54. h4 Bh3 55. h5 gxh5 56. gxh5 Kd5 57. h6 Ke5 58. h7 1-0

[Event "*** SCC Grand Prix: Titled Tuesday Blitz"]
[Site "Chess.com"]
[Date "2020.09.08"]
[Round "1"]
[White "eightbyeightchess"]
[Black "fireheart92"]
[Result "0-1"]
[WhiteElo "2434"]
[BlackElo "2873"]
[TimeControl "180+1"]
[EndTime "10:08:20 PDT"]
[Termination "fireheart92 won by resignation"]

1. e4 c5 2. Nf3 d6 3. d4 cxd4 4. Qxd4 Nf6 5. Bg5 a6 6. h3 Nc6 7. Qe3 e6 8. c4 h6 9. Bh4 Be7 10.
Nc3 Qc7 11. Be2 O-O 12. O-O b6 13. Rfd1 Bb7 14. Rac1 Ne5 15. Bg3 Nfd7 16. Nd4 Rac8 17. f4 Ng6 18. f5 Bg5 19. Qf2 Bxc1 20.
fxg6 fxg6 21. Nxe6 Rxf2 22. Nxc7 Rxe2 23. Nxe2 Be3+ 24.
Kh1 Rxc7 25. Rxd6 Nf8 26. Rd3 Rxc4 27. Rxe3 Rc2 28. Be5 Ne6 29. Bc3 b5 30. a3 Nc5 31.
e5 Ne6 32. Kh2 g5 33. Kg3 Kf7 34. Kf2 Nf4 35. g3 Nxh3+ 36. Ke1 Bd5 37. Kd1 Bb3 38. e6+ Ke8 39. Ke1 g4 40. e7 Ng5 41. Bxg7 Nf3+ 42. Kf2 Bc4 43. Bc3 Bxe2 44. Rxe2 Rxe2+ 45. Kxe2 Kxe7 46. Ke3 Ke6 47. Kf4 h5 48. Bb4 Kd5 49.
Bc3 Kc4 50. Bf6 Kb3 51. Bc3 Kc2 52. Bf6 a5 53. Bc3 a4 54. Bf6 Ne1 55. Kg5 Nd3 56. Kxh5 Nxb2 57. Kxg4 b4 58. axb4 a3 59. b5 a2 60. b6 a1=Q 61. b7 Qa4+ 62. Kh3 Qd7+ 0-1

[Event "*** SCC Grand Prix: Titled Tuesday Blitz"]
[Site "Chess.com"]
[Date "2020.09.08"]
[Round "1"]
[White "evgenyermolaev"]
[Black "Yaacovn"]
[Result "0-1"]
[WhiteElo "2449"]
[BlackElo "2910"]
[TimeControl "180+1"]
[EndTime "10:08:21 PDT"]
[Termination "Yaacovn won by checkmate"]

1. d4 Nf6 2. Nc3 d5 3. Bf4 e6 4. Nb5 Na6 5. e3 Bd7 6. a4 Be7 7. Nf3 O-O 8. Be2 c6 9. Nc3 Nb4 10. a5 c5 11. O-O a6 12. Na4 Bxa4 13. Rxa4 Nc6 14. Ne5 Rc8 15. Nxc6 Rxc6 16. c3 h6 17. Bd3 Bd6 18. dxc5 Bxf4 19. Rxf4 Rxc5 20. Bb1 Rxa5 21.
Qd3 g6 22. h4 h5 23. Rd1 Qe7 24. c4 Ra1 25. b3 e5 26. Rxf6 Qxf6 27. cxd5 Qxh4 28. d6 Rd8 29. Qd5 Qf6 30. Qxb7 Kg7 31. Qc7 h4 32. d7 Qe7 33. Kh2 a5 34. Kg1 a4 35. bxa4 Rxa4 36. Kh2 Ra1 37. Rc1 Rxd7 38. Qc3 Ra3 39. Qc4 Ra8 40. f4 exf4 41. exf4 Qf6 42. Be4 Rad8 43. Bf3 Rd4 44. Qc3 Qxf4+ 45. Kh1 Qf6 46. Rf1 Rf4 47. Qc7 Rd3 48. Qc1 Rd5 49. Qd2 Rg5 50. Qe2 Rg3 51. Qe1 Rg5 52. Kh2 Re5 53. Qd2 Ref5 54. Qe1 Qg5 55. Qe2 Qf6 56. Qe1 h3 57. Kxh3 Rh5+ 58. Bxh5 Rxf1 59. Qg3 Rh1+ 60. Kg4 gxh5# 0-1

[Event "*** SCC Grand Prix: Titled Tuesday Blitz"]
[Site "Chess.com"]
[Date "2020.09.08"]
[Round "1"]
[White "IngOscarArdila"]
[Black "Ba_clbaf_osed_ingo_3v21"]
[Result "1/2-1/2"]
[WhiteElo "2198"]
[BlackElo "2524"]
[TimeControl "180+1"]
[EndTime "10:08:21 PDT"]
[Termination "Game drawn by repetition"]

1. d4 Nf6 2. c4 e6 3. Nc3 Bb4 4.
Bd2 d5 5. cxd5 exd5 6. Nf3 O-O 7. e3 c6 8. Be2 Bf5 9. O-O Nbd7 10. Qb3 a5 11. a3 Bxc3 12. bxc3 Qb6 13. Qxb6 Nxb6 14. Ne5 Nbd7 15. Nxd7 Nxd7 16. c4 Rfc8 17. Rfc1 b6 18.
Bf3 Nf6 19. cxd5 cxd5 20. Rxc8+ Rxc8 21. Rc1 Ne4 22. Rxc8+ Bxc8 23. Be1 Ba6 24. Bd1 f5 25. f3 Nd6 26. Bb3 Bc4 27. Bc2 Kf7 28. Kf2 g6 29. h3 Ke6 30. Bc3 Kd7 31. g4 Kc6 32. gxf5 gxf5 33. Kg3 Kb5 34. Kf4 Be2 35. Bb3 Nc4 36.
a4+ Kc6 37. e4 fxe4 38. fxe4 Bf1 39. h4 Bh3 40. Bxc4 dxc4 41. Ke5 b5 42. d5+ Kc5 43. axb5 a4 44. b6 Kxb6 45. Kd6 a3 46. e5 a2 47. e6 Bg4 48. e7 Bh5 49. Kd7 Kb5 50. d6 Ka4 51. e8=Q Bxe8+ 52. Kxe8 Kb3 53. Ba1 c3 54. d7 c2 55. d8=Q c1=Q 56. Qb6+ Ka3 57. Qa5+ Kb3 58. Qb5+ Ka3 59. Qd3+ Ka4 60. Qa6+ Kb3 61.
Qb5+ Ka3 62. Qa5+ Kb3 63. Qb5+ 1/2-1/2

[Event "*** SCC Grand Prix: Titled Tuesday Blitz"]
[Site "Chess.com"]
[Date "2020.09.08"]
[Round "1"]
[White "Gusarov91"]
[Black "peixe64"]
[Result "0-1"]
[WhiteElo "2635"]
[BlackElo "2336"]
[TimeControl "180+1"]
[EndTime "10:08:22 PDT"]
[Termination "peixe64 won by resignation"]

1. d4 Nf6 2. Nf3 e6 3. c4 d5 4. g3 dxc4 5. Qa4+ Bd7 6. Qxc4 Bc6 7. Bg2 Be7 8. O-O O-O 9. Nc3 Nbd7 10. Rd1 Nb6 11. Qb3 a5 12. Bg5 a4 13. Qc2 h6 14.
Bxf6 Bxf6 15. Ne4 Be7 16. Rac1 Rc8 17. Nc5 Qd5 18. a3 Qh5 19. e4 Bf6 20. h3 Rfd8 21.
g4 Qg6 22. e5 Qxc2 23. Rxc2 Be7 24. Rdc1 Nd5 25. Nd3 Bb5 26. Nc5 b6 27. Nb7 Re8 28. Ne1 Bg5 29. Nd6 cxd6 30. Rxc8 Bxc1 31. Rxc1 dxe5 32. dxe5 Nf4 33. Rc7 Rd8 34. Nc2 Rd1+ 35. Kh2 Rd2 36. Be4 g5 37. Kg3 Ne2+ 38. Kh2 Nf4 39.
Kg3 Bf1 40. h4 Bd3 41. Bxd3 Rxd3+ 42. Ne3 Rb3 43. hxg5 hxg5 44. Rc4 b5 45. Rc8+ Kg7 46. Kf3 Rxb2 47. Rb8 Rb3 48. Ke4 Nd3 49. Rb7 Nxf2+ 50. Kf3 Nd3 51. Ke2 Nxe5 52. Ra7 Rxa3 53. Ra5 Rb3 54.
Ra7 Kf6 55. Nc2 Rb2 56. Kd1 b4 57. Rxa4 b3 58. Nd4 Rg2 59. Rb4 Rxg4 60. Kd2 Rxd4+ 61.
Rxd4 Nf3+ 62. Kc3 Nxd4 63. Kb2 g4 64. Kc3 g3 65. Kd2 g2 66. Kc3 g1=Q 67. Kb2 Qf2+ 68.
Ka3 Qa2+ 69. Kb4 Nc2+ 70. Kc3 b2 71. Kd2 b1=Q 72. Kd3 Qb5+ 73. Kc3 Qac4+ 0-1

[Event "*** SCC Grand Prix: Titled Tuesday Blitz"]
[Site "Chess.com"]
[Date "2020.09.08"]
[Round "1"]
[White "FontVella8"]
[Black "ViktoriyaTarasova"]
[Result "0-1"]
[WhiteElo "2526"]
[BlackElo "2214"]
[TimeControl "180+1"]
[EndTime "10:08:30 PDT"]
[Termination "ViktoriyaTarasova won by resignation"]

1. e4 c5 2. Nf3 d6 3. d4 cxd4 4.
Qxd4 Nf6 5. Be2 e6 6. O-O Be7 7. Rd1 Qc7 8. h3 O-O 9. c4 Nc6 10. Qe3 Ne5 11. b3 b6 12. Bb2 Bb7 13. Nc3 a6 14. Rac1 Bc6 15. Bf1 Qb7 16. Nd2 Ng6 17. Bd3 Rfe8 18. Bb1 d5 19. e5 Bc5 20. Qe1 Nh5 21. cxd5 exd5 22. Nf3 d4 23. Ne4 Nxe5 24. Nfg5 Ng6 25. b4 Bf8 26. Rxd4 Nhf4 27.
Qd2 h6 28. Rxc6 Qxc6 29. Nf3 Ne6 30. Rd7 Rad8 31. Rxd8 Rxd8 32. Qe1 Qb5 33. a3 Nef4 34. Ba2 Qd7 35. h4 Nd3 36. Qc3 Nxb2 37. Qxb2 Nf4 38. Ne5 Qd1+ 39. Kh2 Ne6 40. Bxe6 fxe6 41. Qa2 Qd5 42. Qxd5 Rxd5 43. Nc6 Rd3 44. a4 Ra3 45. a5 bxa5 46. bxa5 Kf7 47. Ng3 Ke8 48. Ne2 Kd7 49.
Ned4 Bc5 50. Ne5+ Kd6 51. Ndc6 Kc7 52. g3 Bd6 53. Kg2 Bxe5 54. Nxe5 Rxa5 55. Nc4 Rc5 56. Na3 a5 57. Kf1 Kc6 58. Ke2 a4 59. Kd3 Rc1 60. Nc4 Kc5 61. Nd2 Kb4 62. f4 a3 63. Nf3 a2 64. Kd2 a1=Q 0-1

[Event "*** SCC Grand Prix: Titled Tuesday Blitz"]
[Site "Chess.com"]
[Date "2020.09.08"]
[Round "1"]
[White "AleksanderHnydiuk"]
[Black "CzechmVIII"]
[Result "1-0"]
[WhiteElo "2528"]
[BlackElo "2171"]
[TimeControl "180+1"]
[EndTime "10:08:36 PDT"]
[Termination "AleksanderHnydiuk won by checkmate"]

1. e4 c5 2. Nf3 d6 3. d4 cxd4 4. Nxd4 Nf6 5. Nc3 g6 6. Be3 Bg7 7. f3 Nc6 8. Qd2 O-O 9. O-O-O d5 10. exd5 Nxd5 11. Nxc6 bxc6 12. Bd4 Nxc3 13. Qxc3 Bh6+ 14.
Be3 Bxe3+ 15. Qxe3 Qb6 16. Qxe7 Be6 17. Qa3 Rad8 18.
Bd3 Rd5 19. b3 Rfd8 20. Kb1 c5 21. Qc1 c4 22. Be4 Rxd1 23. Rxd1 Rxd1 24. Qxd1 cxb3 25.
axb3 Qf2 26. g4 Qxh2 27. Qd8+ Kg7 28. Qd4+ Kg8 29. Qxa7 Qd2 30. Qb8+ Kg7 31. Qe5+ Kg8 32. Kb2 Qb4 33. Bd5 Bxd5 34. Qxd5 Qf4 35. c3 h6 36. b4 Qh2+ 37. Kb3 Qh1 38. b5 Qb1+ 39. Kc4 Qa2+ 40.
Kc5 Qa3+ 41. Kd4 Qa7+ 42. Qc5 Qd7+ 43. Kc4 Qe6+ 44. Kb4 Qe2 45. b6 Qxf3 46. Qc8+ Kg7 47. b7 Qe4+ 48. c4 Qb1+ 49. Kc5 Qg1+ 50. Kc6 Qg2+ 51. Kb5 Qb2+ 52. Kc5 Qf2+ 53. Kc6 Qf3+ 54. Kb5 Qb3+ 55. Ka6 Qa4+ 56. Kb6 Qb4+ 57. Ka7 Qa5+ 58. Kb8 Qe5+ 59. Qc7 Qe8+ 60. Ka7 Qe3+ 61. c5 Qa3+ 62. Kb6 Qb4+ 63. Kc6 Qa4+ 64. Kd6 Qf4+ 65. Kd7 Qd4+ 66.
Qd6 Qa4+ 67. c6 Qxg4+ 68. Kc7 Qa4 69. Qe5+ Kh7 70. b8=Q Qg4 71. Qbh8# 1-0

[Event "*** SCC Grand Prix: Titled Tuesday Blitz"]
[Site "Chess.com"]
[Date "2020.09.08"]
[Round "1"]
[White "BigAl"]
[Black "Ramu_K_FM_FT"]
[Result "1-0"]
[WhiteElo "2480"]
[BlackElo "1966"]
[TimeControl "180+1"]
[EndTime "10:08:38 PDT"]
[Termination "BigAl won on time"]

1. e4 c5 2. c3 d5 3. exd5 Qxd5 4. d4 Nc6 5. Nf3 Bg4 6. Be2 cxd4 7. cxd4 e6 8. Nc3 Qa5 9. O-O Nf6 10. h3 Bh5 11. a3 Be7 12. Be3 O-O 13. b4 Qd8 14.
b5 Na5 15. g4 Bg6 16. Ne5 Rc8 17. Na4 Bc2 18. Qd2 Nb3 19. Qe1 Nxa1 20. Nc5 Nb3 21. Nxb7 Qb6 22. Nc5 Nxc5 23. dxc5 Bxc5 24. Bg5 Qb7 25.
Bxf6 gxf6 26. Bf3 Qe7 27. Nc6 Qd6 28. Kg2 Kh8 29. Qc1 f5 30. Qxc2 fxg4 31. hxg4 Rg8 32. Rh1 Rg7 33. Be4 Qf4 34. f3 f5 35. Qxc5 fxe4 36.
Qc3 exf3+ 37. Kf2 Qxg4 38. Ke3 Rf8 39. Qe5 f2 40. Rf1 Qg5+ 41. Qxg5 Rxg5 42. Nd4 Re5+ 43.
Kd2 Rd5 44. Ke3 e5 45. Ne6 Rf6 46. Ng5 Rxb5 47. Ne4 Rb3+ 48. Ke2 Rb2+ 49. Ke3 Rf4 50. Nd2 Ra2 51. Rb1 Rxa3+ 52. Ke2 f1=Q+ 53. Nxf1 Ra2+ 54.
Ke3 Raf2 55. Nd2 Rf5 56. Rb8+ Kg7 57. Rb7+ Rf7 58. Rb5 R2f5 59. Rb1 a5 60. Ra1 e4 61. Rg1+ Kh8 62. Nxe4 Re5 63. Kd4 Re8 64. Nd6 Rf4+ 65.
Kc5 Re2 66. Rc1 h5 67. Rc3 h4 68. Rb3 1-0

[Event "*** SCC Grand Prix: Titled Tuesday Blitz"]
[Site "Chess.com"]
[Date "2020.09.08"]
[Round "1"]
[White "Zemerovv"]
[Black "Roaccutane"]
[Result "0-1"]
[WhiteElo "2295"]
[BlackElo "2619"]
[TimeControl "180+1"]
[EndTime "10:08:39 PDT"]
[Termination "Roaccutane won on time"]

1. Nf3 Nf6 2. c4 c5 3. Nc3 d5 4. d4 cxd4 5. Nxd4 e5 6. Nf3 d4 7. Nb5 Nc6 8. e3 a6 9. Na3 Bb4+ 10. Bd2 dxe3 11. fxe3 Bc5 12. Nc2 Bg4 13. b4 Bb6 14. c5 Bc7 15. Be2 O-O 16. O-O Re8 17. h3 Bh5 18. a4 Ne4 19. Be1 Bg6 20. b5 axb5 21.
axb5 Rxa1 22. Qxa1 Ne7 23. Bh4 Nxc5 24. Rd1 Qb8 25.
Nb4 e4 26. Nd4 Bh2+ 27. Kh1 Be5 28. Bxe7 Rxe7 29. Nd5 Rd7 30. Nb6 Rd8 31. Qa3 Nd3 32. Bxd3 exd3 33. Qe7 Qd6 34. Qxd6 Bxd6 35. Nc4 Bc5 36.
Ne5 Bxd4 37. exd4 Rxd4 38. Rd2 Rd5 39. Nf3 Rxb5 40. Kg1 h6 41. Kf2 Rc5 42. Ke3 b5 43. Nd4 Kf8 44. Rb2 Re5+ 45. Kd2 Re4 46. Kc3 b4+ 47.
Rxb4 Re8 48. Rb7 Kg8 49. Kd2 Kh7 50. g4 h5 51. gxh5 Bxh5 52. Kxd3 Bg6+ 53. Kc4 Re3 54. Rb3 Re8 55. Rg3 f6 56. h4 Rd8 57. Ne6 Bf7 58. Rxg7+ Kh6 59. Rxf7 Rc8+ 60. Kd5 Kh5 61. Rh7+ Kg4 62. h5 Ra8 63. h6 Kf5 64. Rg7 Ra5+ 0-1

[Event "*** SCC Grand Prix: Titled Tuesday Blitz"]
[Site "Chess.com"]
[Date "2020.09.08"]
[Round "1"]
[White "GasconJR"]
[Black "GMJustin"]
[Result "1-0"]
[WhiteElo "2546"]
[BlackElo "2211"]
[TimeControl "180+1"]
[EndTime "10:08:39 PDT"]
[Termination "GasconJR won on time"]

1. e4 e5 2. Nf3 Nc6 3. Bc4 Bc5 4. O-O Nf6 5. d3 O-O 6. h3 d6 7. c3 Ne7 8. Re1 Ng6 9. Nbd2 c6 10.
d4 Bb6 11. Bf1 Re8 12. a4 d5 13. exd5 e4 14. Ne5 cxd5 15. Nxg6 hxg6 16. Bb5 Re7 17. Nf1 a6 18. Be2 Be6 19. Bf4 Bc7 20. Bxc7 Qxc7 21. Ne3 Rd8 22. Rc1 Nh7 23. Qb3 f5 24. c4 dxc4 25. Bxc4 Qd7 26. d5 Bf7 27. d6 Qxd6 28. Red1 Qb8 29. Bxf7+ Rxf7 30. Nd5 Kh8 31. Nf4 Rf6 32. Rxd8+ Qxd8 33. Ne6 Qe7 34. Nc5 Ng5 35. Qxb7 Qxb7 36. Nxb7 Rb6 37. Nc5 Rxb2 38. Nd7 Kg8 39. Ne5 Ra2 40. h4 Ne6 41. Nxg6 Kf7 42. Ne5+ Kf6 43. Nd7+ Ke7 44. Nb6 Nd4 45. Rd1 Ne2+ 46.
Kf1 Nc3 47. Rd7+ Ke6 48. g3 Ra1+ 49. Kg2 Nxa4 50. Rxg7 Nxb6 51. Rg6+ Ke5 52. Rxb6 a5 53. h5 Rc1 54. h6 Rc7 55. Ra6 a4 56. Rxa4 Kf6 57. Ra6+ Kg5 58. Kf1 Rh7 59. Ke2 Rxh6 60. Ra5 Rd6 61. Ke3 Kg6 62. Kf4 Rf6 63. Re5 Rf7 64.
Re6+ Kg7 65. Rd6 Rf8 66. Kg5 Kg8 67. Kg6 f4 68. g4 f3 69. Re6 1-0

[Event "*** SCC Grand Prix: Titled Tuesday Blitz"]
[Site "Chess.com"]
[Date "2020.09.08"]
[Round "1"]
[White "Natalya_Buksa"]
[Black "rududuyk"]
[Result "1-0"]
[WhiteElo "2525"]
[BlackElo "2156"]
[TimeControl "180+1"]
[EndTime "10:08:40 PDT"]
[Termination "Natalya_Buksa won by resignation"]

1. d4 e6 2. e4 d5 3. Nd2 Nf6 4. e5 Nfd7 5. Bd3 c5 6. c3 Nc6 7. Ngf3 Qb6 8. O-O cxd4 9. cxd4 Nxd4 10. Nxd4 Qxd4 11. Nf3 Qb6 12. Qa4 Be7 13. Be3 Qxb2 14. Rac1 Qa3 15. Bb5 Qxa4 16. Bxa4 a6 17. Bb6 Bd8 18. Bd4 b5 19. Bc2 O-O 20. Bd3 Bb7 21. Rc2 Ba5 22. Rfc1 Rfc8 23. h4 Rxc2 24. Rxc2 Rc8 25.
Rb2 Rc1+ 26. Kh2 Bc3 27. Bxc3 Rxc3 28. Be2 h6 29. a4 Bc6 30. axb5 axb5 31. Bxb5 Bxb5 32.
Rxb5 Rc2 33. Kg3 Nc5 34. h5 Ne4+ 35. Kf4 Rxf2 36. Rb8+ Kh7 37. Rb7 Rxg2 38. Rxf7 Rf2 39. Ke3 Rf1 40. Ng5+ Nxg5 41. Rxf1 g6 42. Kf4 gxh5 43.
Kg3 Kg7 44. Kh4 Nf7 45. Rf6 Nxe5 46. Rxe6 Nf7 47. Kxh5 d4 48. Re4 d3 49. Rd4 Ne5 50. Rd5 Kf6 51. Kxh6 Kf5 52. Kh5 Ke4 53. Rd8 d2 54.
Rxd2 Ke3 55. Rd8 Nf3 56. Kg4 Nd4 57. Re8+ Kd3 58. Kf4 Kc3 59. Rc8+ Kd3 60. Rd8 Kc3 61.
Ke4 Nb3 62. Rd3+ Kc4 63. Rd8 Nc5+ 64. Ke3 Nb3 65. Rc8+ Kb4 66. Kd3 Nc5+ 67. Kd4 Nb3+ 68. Kd5 Nd2 69. Rc7 Kb3 70. Rb7+ Kc3 71. Rh7 Nb3 72.
Rh3+ Kc2 73. Rg3 Nd2 74. Kd4 Nb3+ 75. Kc4 Nd2+ 76. Kb4 Kd1 77. Rg2 Nf3 78. Kc3 Ke1 79.
Kd3 Kf1 80. Ra2 Ne1+ 81. Ke3 Ng2+ 82. Kf3 Ne1+ 83. Kg3 Nc2 84. Rxc2 1-0

[Event "*** SCC Grand Prix: Titled Tuesday Blitz"]
[Site "Chess.com"]
[Date "2020.09.08"]
[Round "1"]
[White "GMKrikor"]
[Black "aloe_normansen"]
[Result "1-0"]
[WhiteElo "2689"]
[BlackElo "2355"]
[TimeControl "180+1"]
[EndTime "10:08:45 PDT"]
[Termination "GMKrikor won by resignation"]

1. e4 c5 2. Nf3 d6 3. d4 cxd4 4. Nxd4 Nf6 5. Nc3 a6 6. Be3 e6 7. g4 h6 8. f3 b5 9. a3 Nbd7 10. Qd2 Qc7 11. h4 Nb6 12. Qf2 Nfd7 13. O-O-O Rb8 14. Kb1 Ne5 15. Nb3 Nbc4 16. Bxc4 Nxc4 17. Bc1 Nxa3+ 18. bxa3 Qxc3 19. Bb2 Qc7 20. g5 h5 21. g6 f6 22. f4 b4 23. a4 Bd7 24. a5 Ba4 25. f5 e5 26. Rh3 Bc6 27. Qe2 Qb7 28. Re3 Rc8 29. Qd3 Be7 30. Rde1 Bb5 31. Qd1 Qc6 32. Rd3 Bxd3 33. cxd3 Kd7 34. Nd2 Qb5 35. Qb3 Rc5 36. Nc4 Rhc8 37. Rc1 Rxc4 38. dxc4 Qc5 39. Qd3 Ke8 40. Rd1 Rc6 41. Rc1 Bd8 42.
Qe2 Bxa5 43. Qxh5 Kd7 44. Qh8 Kc7 45. Qxg7+ Kb6 46. Qxf6 Qe3 47. Qd8+ Rc7 48. Qxd6+ Rc6 49. Qb8+ Kc5 50. Qa7+ Bb6 51. Qe7+ Rd6 52. Qxe5+ Kc6 53. Qe8+ Kc7 54. c5 Bxc5 55. Qe7+ Kc6 56. Qe8+ Kc7 57. Qe5 Qd3+ 58. Ka1 Qb5 59. Qxc5+ Qxc5 60. Rxc5+ Kb6 61. Rd5 Rc6 62. Bd4+ Kb7 63. Kb2 Kc7 64. Rc5 Kc8 65. Rxc6+ Kd7 66. Rf6 1-0

[Event "*** SCC Grand Prix: Titled Tuesday Blitz"]
[Site "Chess.com"]
[Date "2020.09.08"]
[Round "1"]
[White "OscarAng"]
[Black "wadsy27"]
[Result "0-1"]
[WhiteElo "2212"]
[BlackElo "2552"]
[TimeControl "180+1"]
[EndTime "10:08:45 PDT"]
[Termination "wadsy27 won by resignation"]

1. d4 Nf6 2. Bg5 c5 3. c3 Qb6 4. Qb3 d6 5. Qxb6 axb6 6. e3 Be6 7. a3 Nc6 8. Bxf6 gxf6 9. Nd2 Kd7 10. g3 Kc7 11. Bg2 Bg7 12. d5 Bd7 13. dxc6 bxc6 14.
Ne2 h5 15. h4 f5 16. O-O e5 17. b4 e4 18. Rfd1 Ra4 19. Nb1 Rha8 20. bxc5 bxc5 21. Nf4 Be6 22. Nxh5 Be5 23. Nf4 Bb3 24. Rc1 c4 25.
Ne2 c5 26. Bh3 d5 27. Bxf5 R4a6 28. Nf4 Kc6 29. Bh3 Rb6 30. Bg2 Ba4 31. Nd2 f5 32. Ne2 Rb2 33. Nf3 exf3 34. Bxf3 Rab8 35. Kf1 Bc2 36.
Kg2 R8b3 37. h5 Bd3 38. Nf4 Rxc3 39. Bxd5+ Kb5 40. a4+ Ka5 41. Ne6 Rcc2 42. Rxc2 Rxc2 43. Rd1 Kb4 44. a5 c3 45. a6 Bxa6 46. h6 Rd2 47. Rb1+ Rb2 48. Rd1 c2 49. Rc1 Bd3 50. Nf4 Kc3 51.
h7 Rb1 52. Rxc2+ Bxc2 53. Ng6 Bg7 54. h8=Q Bxh8 55. Nxh8 Be4+ 56. Bxe4 fxe4 57. g4 Kd3 58. Nf7 Rb7 59. Ne5+ Kc3 60. g5 Re7 61. Nc6 Rg7 62.
f4 exf3+ 63. Kxf3 Rxg5 64. e4 Rg8 65. Ke3 Kb3 66. Kd3 c4+ 67. Kd2 c3+ 68. Kd1 Rg1+ 69.
Ke2 c2 70. Nd4+ Kb2 71. Nxc2 Kxc2 72. Ke3 Kc3 73. e5 Kc4 74. Ke4 Re1+ 75. Kf5 Kd5 76. e6 Rxe6 0-1